 Dungeon Crawl Stone Soup version 0.01-2199-g510b736d67 (webtiles) character file.

Game seed: 14839826484083168043, levelgen mode: deterministic

921 MisterOstroum the Skirmisher (level 7, 0/70 HPs) Pearl Draconian Demigod. Began on July 20, 2020. Slain by an adder zombie (2 damage) ... on level 3 of the Dungeon. The game lasted 00:17:01 (3200 turns).

MisterOstroum the Skirmisher (DrDg)                 Turns: 3200, Time: 00:17:02

Health: 0/70       AC: 10    Str: 21    XL:     7 ^: 110
Magic:  12/12      EV: 13    Int: 15    God:
Gold:   180        SH:  0    Dex: 13    Spells: 2/11 levels left

rFire    . . .     Vision   .   a - +2 dagger (elec)
rCold    . . .     Gourm    .   b - +0 dagger (elec)
rNeg     + + +     Faith    .   (armour unavailable)
rPois    .         Spirit   .   (helmet restricted)
rElec    .         Reflect  .   (no cloak)
rCorr    .         Harm     .   (no gloves)
MR       .....                  (no boots)
Stlth    ++........             k - amulet of regeneration
HPRegen  0.73/turn              f - ring of wizardry
MPRegen  0.22/turn              h - ring of wizardry

@: marked
A: no body armour, unfitting armour, high mp 1, cold-blooded, charms, summoning
and earth enhancers 1, AC++, rN+++, AC +10
a: Breathe Blessed Flames


You were on level 3 of the Dungeon.
You were not hungry.

You visited 1 branch of the dungeon, and saw 3 of its levels.

You collected 180 gold pieces.

Inventory:

Weapons
 a - a +2 dagger of electrocution (weapon)
 b - a +0 dagger of electrocution (weapon)
 c - a +0 short sword of venom
 d - a +0 hunting sling
 g - a +0 trident Shields
 u - a +0 heater shield
Jewellery
 f - a ring of wizardry (left hand)
 h - a ring of wizardry (right hand)
 k - an amulet of regeneration (around neck)
 o - an uncursed ring of poison resistance
 v - an uncursed ring of dexterity
Wands
 p - a wand of flame (3)
Scrolls
 i - 5 scrolls of teleportation {@r3 !r}
Potions
 j - a potion of magic
 l - 3 potions of cancellation
 n - 4 potions of curing {@q1 !q}
 q - a potion of heal wounds
 r - a potion of invisibility
 s - a potion of lignification {@q6}
 t - a potion of berserk rage
Comestibles
 e - 6 rations


   Skills:
 + Level 6.4 Fighting
 * Level 5.0 Short Blades
 - Level 2.1 Polearms
 - Level 2.4 Dodging
 - Level 1.3 Stealth
 - Level 2.6 Spellcasting


You had 2 spell levels left.
You knew the following spells:

 Your Spells              Type           Power        Failure   Level  Hunger
a - Flame Tongue          Fire           2 (40)       5%          1    #......
b - Blink                 Tloc           N/A          9%          2    ##.....
c - Conjure Flame         Fire           2 (100)      16%         3    ###....
d - Mephitic Cloud        Pois/Air       2 (100)      16%         3    ###....

Your spell library contained the following spells:

 Spells                   Type           Power        Failure   Level  Hunger
 Call Imp                 Summ           3 (100)      9%          2    ##.....
 Slow                     Hex            2 (100)      9%          2    ##.....


Dungeon Overview and Level Annotations

Branches:
Dungeon (3/8)

Shops:
D:3 =

Annotations:
D:3 exclusion: door


Innate Abilities, Weirdness & Mutations

You cannot fit into any form of body armour.
Your opalescent pearl scales are hard. (AC +10)
You can breathe bursts of cleansing flame.
You have an increased reservoir of magic. (+10% MP)
You are cold-blooded and may be slowed by cold attacks.
You are in touch with the powers of charms, summonings and the earth.
Your opalescent pearl scales boost your defenses and vastly increase your resistance to negative energy. (AC++, rN+++)


Message History

The giant cockroach zombie completely misses you (0).
The adder zombie closely misses you (0).
Press: ? - help, v - describe, . - travel A sarcophagus.
Press: ? - help, v - describe, . - travel The floor.
Unknown command.
The worker ant zombie blinks!
The hound zombie blinks!
The leopard gecko zombie blinks!
You hit the adder zombie (3).
Lightning courses through the adder zombie (7)!
You destroy the adder zombie!
The giant cockroach zombie bites you but does no damage.
The hound zombie bites you but does no damage.
You hit the giant cockroach zombie (1).
Lightning courses through the giant cockroach zombie (7)!
The giant cockroach zombie is almost destroyed. (1/9) HP You hit the giant cockroach zombie (1).
Lightning courses through the giant cockroach zombie (5).
You destroy the giant cockroach zombie!
The leopard gecko zombie blinks!
The adder zombie blinks!
The leopard gecko zombie closely misses you (0).
The hound zombie closely misses you (0).
You hit the worker ant zombie (2).
Lightning courses through the worker ant zombie (5).
The worker ant zombie is moderately damaged. (19/26) HP You hit the worker ant zombie but do no damage.
Lightning courses through the worker ant zombie (5).
The worker ant zombie is heavily damaged. (14/26) HP The leopard gecko zombie misses you (0).
The hound zombie bites you (2). The guardian mummy hits you (1).
The worker ant zombie barely misses you (0).
The adder zombie blinks!
You hit the worker ant zombie (1).
Lightning courses through the worker ant zombie (3).
The worker ant zombie is severely damaged. (10/26) HP You hit the worker ant zombie but do no damage.
Lightning courses through the worker ant zombie (8)!
The worker ant zombie is almost destroyed. (2/26) HP The hound zombie closely misses you (0).
The leopard gecko zombie bites you but does no damage.
The guardian mummy hits you (14)!
* * * LOW HITPOINT WARNING * * *
The worker ant zombie closely misses you (0).
You hit the worker ant zombie (1).
Lightning courses through the worker ant zombie (7)!
You destroy the worker ant zombie!
The hound zombie bites you but does no damage.
The leopard gecko zombie closely misses you (0).
The guardian mummy hits you (15)!
* * * LOW HITPOINT WARNING * * *
The hound zombie bites you but does no damage.
The hound zombie barely misses you (0).
Okay, then.
Unknown command.
You feel much better.
The giant cockroach zombie blinks!
The leopard gecko zombie bites you but does no damage.
The hound zombie closely misses you (0).
The hound zombie bites you but does no damage.
The adder zombie bites you but does no damage.
The hound zombie bites you but does no damage.
The adder zombie barely misses you (0). The hound zombie barely misses you (0).
You hit the adder zombie (2).
Lightning courses through the adder zombie (6).
The adder zombie is heavily damaged. (9/17) HP You hit the adder zombie (1).
Lightning courses through the adder zombie (5).
The adder zombie is almost destroyed. (3/17) HP The adder zombie bites you but does no damage.
The hound zombie bites you but does no damage.
The guardian mummy hits you (13)!
* * * LOW HITPOINT WARNING * * *
You hit the adder zombie (3).
Lightning courses through the adder zombie (3).
You destroy the adder zombie!
The hound zombie closely misses you (0).
The guardian mummy closely misses you (0).
You barely miss the giant cockroach zombie.
The giant cockroach zombie blocks your attack.
The hound zombie bites you but does no damage.
The giant cockroach zombie bites you but does no damage.
You hit the giant cockroach zombie (3).
Lightning courses through the giant cockroach zombie (2).
The giant cockroach zombie is severely damaged. (3/8) HP You hit the giant cockroach zombie but do no damage.
Lightning courses through the giant cockroach zombie (3).
You destroy the giant cockroach zombie!
The hound zombie barely misses you (0). The guardian mummy hits you (22)!!
* * * LOW HITPOINT WARNING * * *
The hound zombie barely misses you (0). x2; The guardian mummy misses you (0).
The adder zombie blinks!
The worker ant zombie blinks!
The quokka zombie blinks!
The adder zombie blinks!
The hound zombie bites you (1).
* * * LOW HITPOINT WARNING * * *
The adder zombie bites you but does no damage.
The hound zombie barely misses you (0).
The porcupine twitches its whiskers.
The hound zombie closely misses you (0).
The adder zombie bites you (2).
You die...

##..........#.##..Z##..........#
#.........#####.....#..#...#..##
......?...###.##.§Z##..#)).#...#
#.#.....#......#Z.§###[#)#.....##
###....##......#...##...........#
##.............#...##..#)..####.#
.##....###..#..#...#...#...# ##..
.....#...#..#.##.Z.##......# #...
...÷.#.........#@8.#....#### ##..
##.............#ZZ.##...## #...
...............#M..###...# ###.
.......#.......#.Z.#####.# ##.
#......#.......##+###..#.######..
#...............#H#........)..#[.
.............##..................
..........#......................
....#.####...........H.......<...


You could see a manticore, a guardian mummy, a leopard gecko zombie, an adder
zombie, a quokka zombie, 2 hound zombies and a worker ant zombie.

Vanquished Creatures
  2 big kobolds (D:2)
  A bullfrog (D:3)
  A scorpion (D:3)
  3 orc priests (D:3)
  A hound (D:3)
  4 jellies (D:2)
  An orc wizard (D:3)
  3 mummies (D:3)
  A worker ant (D:3)
  A porcupine zombie (D:3)
  2 adders
  A bullfrog skeleton (D:3)
  15 sewer rats (D:2)
  2 worms (D:2)
  3 cinder newts
  2 worker ant zombies (D:3)
  A dart slug (D:1)
  3 leopard geckos (D:2)
  13 orcs (D:3)
  2 adder skeletons (D:2)
  2 adder zombies (D:3)
  2 ball pythons
  10 bats
  3 cinder newt skeletons (D:2)
  7 giant cockroaches
  5 hobgoblins (D:1)
  9 jackals (D:3)
  2 quokkas (D:3)
  2 giant cockroach zombies (D:3)
  8 goblins (D:1)
  A hobgoblin skeleton (D:2)
  16 kobolds
  4 rats
  5 withered plants (D:2)
138 creatures vanquished.

Vanquished Creatures (others)
  8 sewer rats (D:2)
  6 kobolds (D:2)
  73 withered plants (D:2)
87 creatures vanquished.

Grand Total: 225 creatures vanquished

Notes
Turn   | Place    | Note
-------+----------+-------------------------------------------
     0 | D:1      | MisterOstroum the Immature Draconian Demigod began the
                  | quest for the Orb.
     0 | D:1      | Reached XP level 1. HP: 20/20 MP: 4/4
    30 | D:1      | Reached skill level 3 in Fighting
    48 | D:1      | Reached XP level 2. HP: 28/28 MP: 6/6
   217 | D:1      | Reached XP level 3. HP: 34/34 MP: 5/7
   308 | D:1      | Learned a level 2 spell: Blink
   862 | D:2      | Reached skill level 1 in Short Blades
   862 | D:2      | Reached XP level 4. HP: 43/44 MP: 6/8
   863 | D:2      | Reached skill level 4 in Fighting
   906 | D:2      | Reached XP level 5. HP: 32/51 MP: 7/9
   919 | D:2      | Learned a level 3 spell: Conjure Flame
   923 | D:2      | Learned a level 3 spell: Mephitic Cloud
  1386 | D:2      | Reached XP level 6. HP: 60/60 MP: 7/11
  1455 | D:2      | Reached skill level 5 in Fighting
  1489 | D:2      | Found a blossoming altar of Fedhas.
  2008 | D:2      | Found a shimmering blue altar of Sif Muna.
  2014 | D:2      | Found an ancient bone altar of Kikubaaqudgha.
  2014 | D:2      | Found a glowing silver altar of Zin.
  2017 | D:2      | Found a hazy altar of Hepliaklqana.
  2019 | D:2      | Found an iron altar of Okawaru.
  2549 | D:3      | Your scales start taking on an opalescent pearl colour.
  2549 | D:3      | Reached XP level 7. HP: 56/67 MP: 12/12
  2549 | D:3      | Gained mutation: Your opalescent pearl scales boost your
                  | defenses and vastly increase your resistance to negative
                  | energy. (AC++, rN+++) [Pearl Draconian growth]
  2549 | D:3      | Gained mutation: You are in touch with the powers of
                  | charms, summonings and the earth. [Pearl Draconian growth]
  2600 | D:3      | Found Miokut's Jewellery Shop.
  2811 | D:3      | Reached skill level 6 in Fighting
  2901 | D:3      | Found a runed translucent door.
  3096 | D:3      | Noticed a manticore
  3162 | D:3      | Reached skill level 5 in Short Blades
  3189 | D:3      | HP: 3/70 [guardian mummy (15)]
  3197 | D:3      | HP: 1/70 [guardian mummy (22)]
  3200 | D:3      | Slain by an adder zombie

Levels and vault maps discovered:
D:1:      dpeg_arrival_lava_temple_mockup, layout_cave_pools,
          kennysheep_small_spiral, minmay_goblin_kobold_house
D:2:      layout_sewer, minitemple, fedhas_altar_2
D:3:      ossuary_the_hunt_dpeg, layout_cave_pools, serial_shops, shop,
          first_ration, bcadren_nooodl_food_pyramid

Skill      XL: |  1  2  3  4  5  6  7 |
---------------+----------------------+-----
Fighting       | 3 4 5 6 |  6.4
Polearms       | 2 |  2.1
Short Blades   | 1 2 3 5 |  5.0
Dodging        | |  2.4
Stealth        | |  1.3
Spellcasting   | |  2.6

Action                   |  1- 3 |  4- 6 |  7- 9 || total
-------------------------+-------+-------+-------++-------
Melee: Trident           |    34 |       |       ||    34
       Unarmed           |    19 |    14 |       ||    33
       Tailslap          |     4 |     4 |     2 ||    10
       Dagger            |    27 |    83 |    98 ||   208
       Short sword       |       |     2 |       ||     2
 Fire: Hunting sling     |    22 |       |       ||    22
Throw: Stone             |       |    14 |       ||    14
       Skull             |       |     7 |       ||     7
       Rusty metal       |       |     5 |     1 ||     6
       Bone              |       |     8 |       ||     8
 Cast: Flame Tongue      |     6 |    54 |     5 ||    65
       Blink             |       |       |     1 ||     1
  Use: Scroll            |       |       |     1 ||     1
       Potion            |       |       |     1 ||     1
 Stab: Sleeping          |     2 |     1 |       ||     3
  Eat: Chunk             |       |     6 |     3 ||     9
Armor: Skin              |    16 |     6 |    37 ||    59
Dodge: Dodged            |    67 |    39 |    70 ||   176
